 Dungeon Crawl Stone Soup version 0.21-a0-88-g13b9641 (webtiles) character file.

4573 Ordine the Carver (level 10, -1/72 HPs)
             Began as an Octopode Fighter on June 25, 2017.
             Was an Initiate of Gozag.
             Slain by a hippogriff (7 damage)
             ... on level 8 of the Dungeon.
             The game lasted 00:17:56 (6502 turns).

Ordine the Carver (Octopode Fighter)                Turns: 6502, Time: 00:17:57

Health: -1/72      AC:  1    Str: 15    XL:     10   Next: 41%
Magic:  10/10      EV: 15    Int: 12    God:    Gozag
Gold:   728        SH: 10    Dex: 14    Spells: 9/9 levels left

rFire    . . .     SeeInvis .   a - +1 long sword
rCold    . . .     Gourm    .   b - +1 shield
rNeg     . . .     Faith    .   (helmet restricted)
rPois    .         Spirit   .   (no amulet)
rElec    .         Reflect  .   (no ring)
rCorr    .         Harm     .   (no ring)
MR       .....                  (no ring)
Stlth    ++........             (no ring)
HPRegen  0.22/turn              (no ring)
MPRegen  0.12/turn              (no ring)
                                (no ring)
                                (no ring)

@: gold aura, berserk cooldown, slowed, very slow
A: almost no armour, stealthy swim, amphibious, 8 rings, constrict 8, camouflage
1, gelatinous body 1
a: Potion Petition, Call Merchant, Bribe Branch, Renounce Religion


You were on level 8 of the Dungeon.
You worshipped Gozag.
Gozag was pleased with you.
You were not hungry.

You visited 2 branches of the dungeon, and saw 9 of its levels.

You collected 797 gold pieces.
You paid 69 gold pieces to Gozag.

Inventory:

Hand Weapons
 a - a +1 long sword (weapon)
 n - the +4 Vampire's Tooth {vamp}
   (You found it on level 5 of the Dungeon)

   It inflicts no extra harm, but heals its wielder when it wounds a living foe.
Armour
 b - a +1 shield (worn)
Scrolls
 c - 3 scrolls of remove curse
 e - 8 scrolls of teleportation
 l - 2 scrolls of magic mapping
 p - a scroll of amnesia
Potions
 h - a potion of brilliance
 j - 3 potions of curing
 o - 3 potions of magic
Comestibles
 d - 2 bread rations
 g - 2 fruits
 k - 5 meat rations
 q - a royal jelly


   Skills:
 + Level 7.8 Fighting
 * Level 10.9 Long Blades
 + Level 6.6 Dodging
 + Level 5.2 Shields


You had 9 spell levels left.
You didn't know any spells.

Dungeon Overview and Level Annotations

Branches:
Dungeon (8/15)             Temple (1/1) D:4
   Lair: D:8-11

Altars:
Ashenzari
Cheibriados
Dithmenos
Fedhas
Gozag
Hepliaklqana
Kikubaaqudgha
Makhleb
Nemelex Xobeh
Okawaru
Qazlal
Sif Muna
Trog
Uskayaw
Vehumet
Wu Jian
Xom
Yredelemnul
Zin
The Shining One


Innate Abilities, Weirdness & Mutations

You cannot wear most types of armour.
You are very stealthy in the water. (Stealth+)
You are amphibious.
You can wear up to eight rings at the same time.
You can use your tentacles to constrict eight enemies at once.
Your skin changes colour to match your surroundings (Stealth+).
Your rubbery body absorbs attacks. (AC +1, EV +1)


Message History

The hippogriff claws you. The jackal closely misses you.
Unknown command.
You closely miss the hippogriff. You squeeze the hippogriff!
The hippogriff is severely wounded.
The hippogriff closely misses you. The hippogriff pecks you!
The hippogriff misses you. The jackal barely misses you.
Unknown command.
You slash the hippogriff!
The hippogriff is almost dead.
The jackal is distracted by the nearby gold.
The hippogriff bites you.
* * * LOW HITPOINT WARNING * * *
The hippogriff pecks you!
* * * LOW HITPOINT WARNING * * *
You block the hippogriff's attack. The hippogriff bites you!
* * * LOW HITPOINT WARNING * * *
The jackal barks!
The hippogriff barely misses you. The hippogriff claws you!
You die...
Your body crumbles into a pile of gold.

...# ......# ......## #
#...... ..##### #.....#
...........##.....#
.................# ..
#....##...<..hH..#
..##....##......@..$#
....................+
........##...##.....#
........#######$....##.
........<...............
........................
..##...#####+##.........
..##...# #.........
.......# ......##..


You could see a hippogriff and a jackal.

Vanquished Creatures
  Gastronok (D:8)
  The ghost of dricus the Archer, a novice CeHu of Dithmenos (D:7)
  The ghost of dricus the Archer, a novice CeHu (D:3)
  A hippogriff (D:8)
  A sky beast (D:5)
  A phantom (D:6)
  A necrophage (D:8)
  2 ogres (D:5)
  3 centaurs
  5 scorpions
  2 vampire bats (D:5)
  A howler monkey (D:5)
  5 crimson imps
  A hound (D:6)
  2 bullfrog skeletons (D:6)
  2 jellies
  2 orc priests
  A centaur skeleton (D:4)
  Terence (D:2)
  2 iguanas (D:7)
  3 orc wizards
  2 worker ants
  A killer bee zombie (D:6)
  A howler monkey skeleton (D:4)
  13 adders
  2 shadow imps
  A white imp (D:7)
  5 worms
  2 dart slugs
  7 leopard geckos
  15 orcs
  17 bats
  5 giant cockroaches
  7 goblins
  5 hobgoblins
  8 jackals
  4 kobolds
  6 quokkas
  5 ball pythons
  8 frilled lizards
  A goblin skeleton (D:7)
  A goblin zombie (D:7)
  3 hobgoblin zombies (D:7)
  A jackal skeleton (D:4)
  2 kobold skeletons (D:7)
  A kobold zombie (D:7)
  2 orc skeletons (D:7)
  5 rats
169 creatures vanquished.

Notes
Turn   | Place    | Note
-------+----------+-------------------------------------------
     0 | D:1      | Ordine the Octopode Fighter began the quest for the Orb.
     0 | D:1      | Reached XP level 1. HP: 16/16 MP: 1/1
   202 | D:1      | Reached XP level 2. HP: 21/21 MP: 2/2
   497 | D:1      | Reached skill level 3 in Long Blades
   648 | D:2      | Noticed Terence
   655 | D:2      | Killed Terence
   655 | D:2      | Reached XP level 3. HP: 9/26 MP: 3/3
   950 | D:2      | Reached XP level 4. HP: 30/32 MP: 4/4
   970 | D:2      | Found a faded altar of an unknown god.
  1121 | D:2      | Found a hazy altar of Hepliaklqana.
  1122 | D:2      | Reached skill level 4 in Long Blades
  1738 | D:3      | Reached XP level 5. HP: 37/37 MP: 5/5
  1874 | D:3      | Noticed dricus's ghost (novice CeHu)
  1882 | D:3      | Killed dricus's ghost
  1882 | D:3      | Reached skill level 6 in Long Blades
  1882 | D:3      | Reached XP level 6. HP: 22/45 MP: 6/6
  1882 | D:3      | Reached XP level 7. HP: 24/49 MP: 7/7
  2403 | D:2      | Found a bloodstained altar of Trog.
  2539 | D:3      | Reached skill level 5 in Fighting
  2912 | D:4      | Reached skill level 7 in Long Blades
  2983 | D:4      | Found a staircase to the Ecumenical Temple.
  2992 | Temple   | Entered the Ecumenical Temple
  3489 | D:4      | Found a shimmering altar of Xom.
  3499 | D:4      | Reached XP level 8. HP: 56/56 MP: 8/8
  3768 | D:5      | Entered Level 5 of the Dungeon
  4207 | D:5      | Reached skill level 8 in Long Blades
  4248 | D:5      | Found an opulent altar of Gozag.
  4257 | D:5      | Became a worshipper of Gozag Ym Sagoz the Greedy
  4484 | D:5      | Identified a scroll of acquirement
  4647 | D:6      | Found an iron altar of Okawaru.
  4876 | D:6      | Reached skill level 9 in Long Blades
  4876 | D:6      | Reached XP level 9. HP: 28/63 MP: 9/9
  4954 | D:6      | Reached skill level 5 in Dodging
  5596 | D:7      | Noticed dricus's ghost (novice CeHu)
  5617 | D:7      | Killed dricus's ghost
  5820 | D:7      | Found a glowing golden altar of the Shining One.
  6371 | D:7      | Reached skill level 10 in Long Blades
  6388 | D:8      | Noticed Gastronok
  6486 | D:8      | Killed Gastronok
  6486 | D:8      | Reached skill level 5 in Shields
  6486 | D:8      | Reached XP level 10. HP: 72/72 MP: 10/10
  6502 | D:8      | Slain by a hippogriff

Vault maps used:
D:1:      saegor_arrival_simple_c, kennysheep_decorative_pillar,
          minmay_tetromino_o4
D:2:      lemuel_upstairs_altar, lemuel_doored_altar,
          chequers_ecumenical_altar_island, uniq_terence
D:3:      kennysheep_generic_room_14
D:4:      led_xom_imps, minmay_temple_entry_junction
D:5:      grunt_gozag_breadcrumbs, first_bread,
          minmay_guarded_unrand_vampires_tooth
D:6:      okawaru_metal_pillars_1_2, nrook_uturn
D:7:      nicolae_tso_besieged_by_evil
D:8:      old_standard_altar, basic_altar, uniq_gastronok, uniq_joseph
Temple:   eino_wide_crystal_templ

Skill      XL: |  1  2  3  4  5  6  7  8  9 |
---------------+----------------------------+-----
Long Blades    | 3 4 6 7 9 10 | 10.9
Fighting       | 4 5 6 7 |  7.8
Dodging        | 4 6 |  6.6
Shields        | 5 |  5.2

Action                   |  1- 3 |  4- 6 |  7- 9 | 10-12 || total
-------------------------+-------+-------+-------+-------++-------
Melee: Long sword        |    38 |    70 |   276 |     7 ||   391
       Tentacles         |     9 |    16 |    71 |     2 ||    98
       Constrict         |     8 |    21 |    61 |       ||    90
  Use: Scroll            |     6 |     2 |     6 |       ||    14
       Potion            |       |     2 |     7 |       ||     9
 Stab: Sleeping          |       |     3 |    16 |       ||    19
       Distracted        |       |       |     3 |       ||     3
  Eat: Chunk             |       |     3 |     8 |       ||    11
       Bread ration      |       |       |     2 |       ||     2
       Fruit             |       |       |     1 |       ||     1
Armor: Skin              |       |     7 |     8 |       ||    15
Dodge: Dodged            |    14 |    39 |   111 |    12 ||   176
Block: Shield            |    18 |    45 |    95 |    11 ||   169
       Rpst.: Long sword |     7 |    13 |    26 |       ||    46
